 Dungeon Crawl Stone Soup version 0.28-a0-843-gb979743d38 (webtiles) character file.

Game seed: 4648568527478960703

929 Iepvzaeh the Chopper (level 7, 0/61 HPs)
             Began as a Minotaur Fighter on Nov 12, 2021.
             Killed by divine providence
             ... invoked by an orc priest
              (7 damage)
             ... on level 6 of the Dungeon.
             The game lasted 00:07:57 (4868 turns).

Iepvzaeh the Chopper (Minotaur Fighter)             Turns: 4868, Time: 00:07:57

Health: 0/61       AC:  9    Str: 23    XL:     7   Next: 85%
Magic:  6/6        EV: 10    Int:  5    God:
Gold:   133        SH:  4    Dex:  9    Spells: 6/6 levels left

rFire   . . .      SeeInvis .   a - +0 war axe
rCold   . . .      Faith    .   c - +0 buckler
rNeg    . . .      Spirit   .   b - +0 scale mail
rPois   .          Reflect  .   (helmet restricted)
rElec   .          Harm     .   (no cloak)
rCorr   .          Rampage  .   g - +0 pair of gloves
Will    .....                   (no boots)
Stlth   ..........              (no amulet)
HPRegen 0.20/turn               (no ring)
MPRegen 0.10/turn               (no ring)

@: no status effects
A: horns 2, retaliatory headbutt
a: no special abilities


You were on level 6 of the Dungeon.
You visited 1 branch of the dungeon, and saw 6 of its levels.

You collected 133 gold pieces.

Inventory:

Hand Weapons
 a - a +0 war axe (weapon)
Missiles
 j - 78 arrows
 s - 3 javelins (quivered)
Armour
 b - a +0 scale mail (worn)
 c - a +0 buckler (worn)
 g - a +0 pair of gloves (worn)
 o - a +0 leather armour of fire resistance
Jewellery
 u - a ring of resist corrosion
Wands
 t - a wand of mindburst (9)
Scrolls
 f - 7 scrolls of teleportation
 i - a scroll of brand weapon {unknown}
 k - a scroll of fear {unknown}
 l - a scroll of holy word {unknown}
 m - a scroll of amnesia {unknown}
 n - a scroll of fog {unknown}
 p - a scroll of identify {unknown}
Potions
 d - 2 potions of might
 e - a potion of curing {unknown}
 h - a potion of berserk rage {unknown}
 q - a potion of invisibility {unknown}
 r - a potion of ambrosia {unknown}


   Skills:
 + Level 5.1 Fighting
 + Level 7.0 Axes
 + Level 1.0 Throwing
 + Level 7.0 Armour
 + Level 2.3 Dodging
 + Level 0.6 Stealth
 + Level 4.8 Shields


You had 6 spell levels left.
You didn't know any spells.
Your spell library contained the following spells:

 Spells                   Type           Power      Damage    Failure   Level
 Beastly Appendage        Tmut           0%         N/A       77%         1
 Sting                    Tmut/Pois      0%         1d3       77%         1
 Corpse Rot               Necr/Air       0%         N/A       88%         2
 Poisonous Vapours        Pois/Air       0%         N/A       88%         2
 Wereblood                Tmut           0%         N/A       88%         2
 Dazzling Flash           Conj/Hex       0%         N/A       98%         3
 Frozen Ramparts          Ice            0%         1d2       98%         3
 Spider Form              Tmut/Pois      0%         N/A       98%         3
 Ice Form                 Ice/Tmut       0%         N/A       100%        4
 Iskenderun's Mystic Bla  Conj/Tloc      0%         2d3       100%        4
 Olgreb's Toxic Radiance  Pois           0%         N/A       100%        4
 Summon Ice Beast         Ice/Summ       0%         N/A       100%        4
 Starburst                Conj/Fire      0%         6d3       100%        6


Dungeon Overview and Level Annotations

Branches:
Dungeon (6/15)
 Temple: D:4-7

Altars:
Qazlal

Annotations:
D:3 2 transporters, paps's ghost, weakling OpDe


Innate Abilities, Weirdness & Mutations

You have a pair of horns on your head.
You reflexively headbutt those who attack you in melee.


Message History

The orc shouts!
An orc priest comes into view. It is wielding a +0 hand axe.
The orc priest shouts!
You hit the orc.
You kill the orc!
The orc priest invokes the aid of Beogh against you.
Beogh smites you!
An orc priest comes into view. It is wielding a +0 club.
You are too injured to fight recklessly!
You are too injured to fight recklessly!
Unknown command.
The orc priest calls down the wrath of Beogh upon you.
Beogh smites you!
* * * LOW HITPOINT WARNING * * *
You start resting.
An orc priest is nearby!
You are too injured to fight recklessly!
You are too injured to fight recklessly!
You are too injured to fight recklessly!
Throw: 4 javelins
Press: ? - help, Q - select action, (/) - cycle Shift-Dir - straight line, f - orc priest
Aim: an orc priest, wielding a +0 hand axe and wearing a +0 ring mail (60% to hit)
You throw a javelin.
The javelin pierces through the orc priest!
The orc priest is severely wounded.
The orc priest barely misses you. You furiously retaliate!
You headbutt the orc priest, but do no damage.
You barely miss the orc priest. Your headbutt misses the orc priest.
The orc priest is severely wounded.
The orc priest mumbles some strange prayers to Beogh against you.
Beogh smites you!
* * * LOW HITPOINT WARNING * * *
You slash the orc priest!
You kill the orc priest!
Your Armour skill increases to level 7!
Okay, then.
You start resting.
The orc priest invokes the aid of Beogh against you.
Beogh smites you!
You die...

.###....# #.#
#...###.####.# #(.#
##.....##
#..###......#
##........#..#
##..)o...####.#
##..#)....o..#.#
#......##)####..o...
#.####....@# #.....
##......###....o
#..............#.
#..#..............
#..#...###........o
#...#..## ..
........# . ... ....


You could see an orc priest.

Vanquished Creatures
  2 ogres
  A phantom (D:5)
  A gnoll sergeant (D:5)
  A water moccasin skeleton (D:4)
  A bullfrog zombie (D:5)
  4 jellies
  An orc priest (D:6)
  3 hounds
  A hound zombie (D:5)
  6 gnolls
  9 adders
  A shadow imp (D:5)
  2 ufetubi
  An adder skeleton (D:4)
  4 worms
  2 dart slugs
  13 orcs
  3 endoplasms
  5 giant cockroaches
  7 goblins
  13 hobgoblins
  8 jackals
  3 quokkas
  13 ball pythons
  5 bats (D:1)
  3 frilled lizards
  A kobold (D:1)
  4 rats
118 creatures vanquished.

Notes
Turn   | Place    | Note
-------+----------+-------------------------------------------
     0 | D:1      | Iepvzaeh the Minotaur Fighter began the quest for the Orb.
     0 | D:1      | Reached XP level 1. HP: 19/19 MP: 0/0
   160 | D:1      | Reached XP level 2. HP: 27/27 MP: 1/1
   927 | D:2      | Reached XP level 3. HP: 33/33 MP: 2/2
  1045 | D:2      | Found a faded altar of an unknown god.
  2008 | D:3      | Reached XP level 4. HP: 40/40 MP: 3/3
  2112 | D:3      | Noticed paps's ghost (weakling OpDe)
  2114 | D:3      | Found a transporter.
  2124 | D:3      | Found a transporter.
  2341 | D:4      | Reached skill level 1 in Dodging
  2432 | D:4      | Reached XP level 5. HP: 47/47 MP: 4/4
  2795 | D:4      | Reached skill level 5 in Armour
  2913 | D:4      | Reached skill level 5 in Axes
  3014 | D:4      | Reached XP level 6. HP: 23/53 MP: 5/5
  3549 | D:5      | Entered Level 5 of the Dungeon
  3874 | D:5      | Reached XP level 7. HP: 44/60 MP: 6/6
  4189 | D:5      | Found a stormy altar of Qazlal.
  4633 | D:5      | Reached skill level 5 in Fighting
  4726 | D:6      | Noticed a two-headed ogre
  4826 | D:6      | Reached skill level 1 in Throwing
  4868 | D:6      | Killed from afar by an orc priest

Illustrated notes

Levels and vault maps discovered:
D:1:      dpeg_arrival_windows_large_door, layout_basic,
          chequers_serial_rivers_room_a, chequers_serial_rivers_micro_a
D:2:      layout_basic, hellmonk_ecumenical_altar_arch_garden, chequers_garden
D:3:      layout_rooms, gammafunk_ghost_arena
D:4:      layout_cave_pools, minmay_snake_closets
D:5:      layout_basic, mainiacjoe_overflow_brackets, minivault_19
D:6:      layout_layer_cave, serial_shops, nicolae_shop_crystal,
          enter_ossuary_2, corexii_shack, solitary_fountain

Skill      XL: |  1  2  3  4  5  6  7 |
---------------+----------------------+-----
Fighting       | 4 5 |  5.1
Armour         | 4 5 6 7 |  7.0
Axes           | 3 4 5 6 7 |  7.0
Shields        | 4 |  4.8
Dodging        | 1 2 |  2.3
Throwing       | 1 |  1.0
Stealth        | |  0.6

Action                   |  1- 3 |  4- 6 |  7- 9 || total
-------------------------+-------+-------+-------++-------
Melee: War axe           |   115 |   114 |    48 ||   277
       Headbutt          |    11 |    24 |     6 ||    41
Throw: Javelin           |       |       |    11 ||    11
       Throwing net      |       |       |     1 ||     1
  Use: Scroll            |       |       |     1 ||     1
Armor: Scale mail        |    56 |    68 |    10 ||   134
Dodge: Dodged            |    59 |    73 |    23 ||   155
Block: Buckler           |    29 |    34 |    12 ||    75

Table legend: (Time is in decaauts)
 A = Elapsed time spent in this place.
 B = Non-inter-level travel time spent in this place.
 C = Inter-level travel time spent in this place.
 D = Time resting spent in this place.
 E = Time spent auto-exploring this place.
 F = Levels seen in this place.
 G = Mean time per level.
                   A        B        C        D        E       F      G
               +--------+--------+--------+--------+--------+-----+--------+
         Total |   4957 |   4667 |    290 |    375 |   3431 |   6 |  826.2 |
       Dungeon |   4957 |   4667 |    290 |    375 |   3431 |   6 |  826.2 |
               +--------+--------+--------+--------+--------+-----+--------+

Top non-repeatable levels by time:
     D:4: 1240 daAuts
     D:5: 1063 daAuts
     D:2: 1038 daAuts
     D:1: 928 daAuts
     D:3: 596 daAuts
     D:6: 91 daAuts
